 Dungeon Sprint DCSS version 0.28.0-53-g5a82cb258f (webtiles) character file.

Game seed: 1383932012718139395

6407 Zeld the Severer (level 10, -3/112 HPs)
             Began as a Minotaur Berserker on June 12, 2022.
             Was the Champion of Trog.
             Slain by a blink frog (16 damage)
             ... in the Dungeon (Sprint III: "The Ten Rune Challenge").
             The game lasted 00:02:30 (3349 turns).

Zeld the Severer (Minotaur Berserker)               Turns: 3349, Time: 00:02:30

Health: -3/112     AC:  3    Str: 25    XL:     10   Next: 66%
Magic:  9/9        EV: 16    Int:  4    God:    Trog [******]
Gold:   25         SH:  0    Dex: 11    Spells: 9/9 levels left

rFire   . . .      SeeInvis .   a - +3 executioner's axe
rCold   . . .      Faith    .   (shield currently unavailable)
rNeg    . . .      Spirit   .   b - +0 animal skin
rPois   .          Reflect  .   (helmet restricted)
rElec   .          Harm     .   (no cloak)
rCorr   .          Rampage  .   (no gloves)
Will    .....      NoTele   +   (no boots)
Stlth   +.........              (no amulet)
HPRegen 0.28/turn               (no ring)
MPRegen 0.11/turn               (no ring)

@: no status effects
A: horns 2, retaliatory headbutt
a: Renounce Religion, Berserk, Trog's Hand, Brothers in Arms


You were in the Dungeon.
You worshipped Trog.
Trog was exalted by your worship.
You visited 1 branch You collected 25 gold pieces.

Inventory:

Hand Weapons
 a - a +3 executioner's axe (weapon)
Armour
 b - a +0 animal skin (worn)
Scrolls
 i - 3 scrolls of identify {unknown}
 k - a scroll of torment {unknown}
 m - a scroll of holy word {unknown}
Potions
 c - a potion of curing
 d - 3 potions of heal wounds
 e - a potion of haste
 f - 2 potions of magic
 g - 2 potions of berserk rage
 j - 4 potions of mutation {unknown}
 l - a potion of brilliance {unknown}
 n - a potion of flight {unknown}
Miscellaneous
 h - a phantom mirror


   Skills:
 * Level 17.8 Fighting
 * Level 18.0 Axes
 + Level 12.7 Armour
 + Level 11.9 Dodging


You had 9 spell levels left.
You didn't know any spells.
Your spell library was empty.

Dungeon Overview and Level Annotations

Branches:
Dungeon (1/1)

Altars:
Cheibriados
Dithmenos
Elyvilon
Fedhas
Gozag
Hepliaklqana
Kikubaaqudgha
Makhleb
Nemelex Xobeh
Okawaru
Qazlal
Ru
Sif Muna
Trog
Uskayaw
Vehumet
Wu Jian
Xom
Yredelemnul
Zin
The Shining One
Beogh
Jiyva
Lugonu


Innate Abilities, Weirdness & Mutations

You have a pair of horns on your head.
You reflexively headbutt those who attack you in melee.


Message History

The blink frog is severely wounded.
The blink frog hits you.
* * * LOW HITPOINT WARNING * * *
The blink frog closely misses you. You furiously retaliate!
You headbutt the blink frog.
The blink frog gives a loud, deep croak!
The blink frog blinks!
Unknown command.
You slice the blink frog!!
You kill the blink frog!
Trog accepts your kill.
The blink frog blinks!
Your Axes skill increases to level 18!
Unknown command.
Unknown command.
You closely miss the blink frog. You miss the blink frog.
The blink frog closely misses you. You furiously retaliate!
You headbutt the blink frog. The blink frog closely misses you.
You furiously retaliate!
You headbutt the blink frog. The blink frog hits you!
* * * LOW HITPOINT WARNING * * *
The blink frog barely misses you.
The blink frog blinks!
Unknown command.
Unknown command.
You slice the blink frog!! Your headbutt misses the blink frog.
The blink frog is almost dead.
You barely miss the blink frog.
The blink frog blinks!
The blink frog closely misses you.
Unknown command.
Unknown command.
You slash the blink frog!
The blink frog is moderately wounded.
You miss the blink frog. You slash the blink frog!
The blink frog blinks!
The blink frog barely misses you.
Unknown command.
Unknown command.
You hit the blink frog.
The blink frog is lightly wounded.
You barely miss the blink frog. x2; The blink frog closely misses you.
The blink frog hits you!
You die...

...).#.≈≈≈≈≈≈....#.÷.#__#...#+###
.....#.≈≈≈≈≈.....#)..#__#...#....
.....#.≈≈≈.......#'###__#...##.#)
'#####....÷......#.):#__#...'##.#
.................#___#__'...#..)#
▓▓▓▓▓▓▓▓▓▓▓▓▓▓▓▓▓▓▓▓▓▓▓▓▓▓▓▓▓▓▓▓▓
§§§§≈ ♣.....♣♣♣♣≈≈≈.....
≈§§§≈≈♣♣F≈≈≈≈'♣♣'♣≈≈≈≈≈≈≈
§§§§≈F≈F@F...#.≈♣♣♣♣♣♣♣♣♣
≈§§§§≈♣♣♣♣♣♣♣#..♣♣ ≈≈≈≈≈
###'♣♣♣♣♣ +### ♣♣♣♣.##..##
♣...##.##.# ♣♣.##.##)##+
♣..#.##.).# ♣♣.##.##..#
♣♣.##.#####


You could see 4 blink frogs.

Vanquished Creatures
  Erolcha (D)
  Urug (D)
  A deep elf pyromancer (D)
  A lindwurm (D)
  2 cane toads (D)
  A komodo dragon (D)
  A rime drake (D)
  2 tyrant leeches (D)
  A blink frog (D)
  A shadow (D)
  5 redbacks (D)
  A spatial vortex (D)
  A swamp drake (D)
  3 wandering mushrooms (D)
  A necrophage (D)
  5 two-headed ogres (D)
  A water elemental (D)
  A jelly (D)
  Jessica (D)
  A wizard (D)
  A necromancer (D)
  A kobold demonologist (D)
  2 humans (D)
  A wolf (D)
  2 endoplasms (D)
39 creatures vanquished.

Vanquished Creatures (collateral kills)
  A human (D)
1 creature vanquished.

Vanquished Creatures (others)
  3 plants (D)
3 creatures vanquished.

Grand Total: 43 creatures vanquished

Notes
Turn   | Place    | Note
-------+----------+-------------------------------------------
     0 | D        | Zeld the Minotaur Berserker began the quest for the Orb.
     0 | D        | Reached XP level 1. HP: 19/19 MP: 0/0
     9 | D        | Reached skill level 4 in Axes
   277 | D        | Noticed Jessica
   281 | D        | Killed Jessica
   281 | D        | Reached ** piety under Trog
   282 | D        | Reached skill level 5 in Fighting
   282 | D        | Reached skill level 5 in Axes
   282 | D        | Reached XP level 2. HP: 29/29 MP: 1/1
   282 | D        | Reached XP level 3. HP: 36/36 MP: 2/2
   346 | D        | Reached skill level 6 in Axes
   607 | D        | Noticed a water elemental
   615 | D        | Killed a water elemental
   616 | D        | Reached skill level 7 in Axes
   616 | D        | Reached skill level 5 in Armour
   616 | D        | Reached XP level 4. HP: 35/47 MP: 3/3
   764 | D        | Found a radiant altar of Vehumet.
   765 | D        | Found a shimmering blue altar of Sif Muna.
   765 | D        | Found an ancient bone altar of Kikubaaqudgha.
   765 | D        | Noticed a wizard
   769 | D        | Killed a wizard
   769 | D        | Reached *** piety under Trog
   770 | D        | Reached skill level 8 in Axes
   770 | D        | Reached XP level 5. HP: 46/53 MP: 4/4
   773 | D        | Noticed an orange demon
   774 | D        | Reached skill level 5 in Dodging
   919 | D        | Found a glowing silver altar of Zin.
   919 | D        | Found a glowing golden altar of the Shining One.
   919 | D        | Found a white marble altar of Elyvilon.
   920 | D        | Noticed a deep elf pyromancer
   935 | D        | Killed a deep elf pyromancer
   935 | D        | Reached **** piety under Trog
   936 | D        | Reached skill level 11 in Axes
   936 | D        | Reached XP level 6. HP: 58/68 MP: 5/5
   936 | D        | Reached XP level 7. HP: 63/74 MP: 6/6
  1104 | D        | Found a hide-covered altar of Uskayaw.
  1104 | D        | Found an iron altar of Okawaru.
  1104 | D        | Found a bloodstained altar of Trog.
  1104 | D        | Found an ornate altar of the Wu Jian Council.
  1104 | D        | Noticed a human
  1104 | D        | Noticed a human
  1111 | D        | Killed a human
  1121 | D        | Killed a human
  1122 | D        | Reached skill level 12 in Axes
  1373 | D        | Found a basalt altar of Yredelemnul.
  1373 | D        | Found a shadowy altar of Dithmenos.
  1373 | D        | Found a sacrificial altar of Ru.
  1423 | D        | Noticed a shadow
  1432 | D        | Killed a shadow
  1433 | D        | Reached XP level 8. HP: 27/85 MP: 7/7
  1437 | D        | Reached skill level 13 in Axes
  1600 | D        | Found a blossoming altar of Fedhas.
  1600 | D        | Found a stormy altar of Qazlal.
  1600 | D        | Found a snail-covered altar of Cheibriados.
  1600 | D        | Found a burning altar of Makhleb.
  1600 | D        | Found a shimmering altar of Xom.
  1601 | D        | Found a hazy altar of Hepliaklqana.
  1601 | D        | Found an opulent altar of Gozag.
  1601 | D        | Found a sparkling altar of Nemelex Xobeh.
  1601 | D        | Found a corrupted altar of Lugonu.
  1601 | D        | Found a viscous altar of Jiyva.
  1938 | D        | Noticed a two-headed ogre
  1943 | D        | Killed a two-headed ogre
  1943 | D        | Reached ***** piety under Trog
  1944 | D        | Reached skill level 14 in Axes
  1992 | D        | Noticed a two-headed ogre
  1992 | D        | Noticed Erolcha
  1998 | D        | Killed Erolcha
  1999 | D        | Reached skill level 10 in Armour
  1999 | D        | Reached XP level 9. HP: 96/96 MP: 8/8
  2005 | D        | Killed a two-headed ogre
  2006 | D        | Reached skill level 15 in Fighting
  2006 | D        | Reached skill level 15 in Axes
  2006 | D        | Reached skill level 10 in Dodging
  2154 | D        | Received a gift from Trog
  2244 | D        | Noticed a wandering mushroom
  2249 | D        | Noticed a wandering mushroom
  2251 | D        | Noticed a wandering mushroom
  2358 | D        | Noticed a cane toad
  2358 | D        | Noticed a komodo dragon
  2358 | D        | Noticed a cane toad
  2361 | D        | Killed a cane toad
  2362 | D        | Reached skill level 16 in Axes
  2362 | D        | Killed a cane toad
  2369 | D        | Killed a komodo dragon
  2370 | D        | Reached XP level 10. HP: 108/108 MP: 9/9
  2539 | D        | Reached ****** piety under Trog
  2540 | D        | Reached skill level 17 in Axes
  3028 | D        | Noticed a lindwurm
  3033 | D        | Killed a lindwurm
  3184 | D        | Noticed Urug
  3190 | D        | Killed Urug
  3190 | D        | Received a gift from Trog
  3346 | D        | Reached skill level 18 in Axes
  3349 | D        | Slain by a blink frog

Illustrated notes

Levels and vault maps discovered:
D:        dungeon_sprint_mu [sprint_mu_entry_forest, sprint_mu_temple_rooms,
          sprint_mu_d1_spiders, sprint_mu_d2_genie, sprint_mu_d3_branching,
          sprint_mu_orc_legion, sprint_mu_elf_gauntlet, sprint_mu_hive_nellie,
          sprint_mu_lair_fedhas, sprint_mu_vaults_butterflies,
          sprint_mu_slime_circle, sprint_mu_swamp_cave, sprint_mu_snake_twists,
          sprint_mu_blade_basic, sprint_mu_crypt_chambers,
          sprint_mu_tomb_spiral, sprint_mu_vestibule_basic,
          sprint_mu_gehenna_hellfire, sprint_mu_dis_giant,
          sprint_mu_tartarus_statrot, sprint_mu_cocytus_islands, sprint_mu_zot1]

Skill      XL: |  1  2  3  4  5  6  7  8  9 10 |
---------------+-------------------------------+-----
Fighting       | 5 7 11 12 14 16 17 | 17.8
Axes           | 5 7 8 11 12 14 16 18 | 18.0
Armour         | 3 5 7 9 10 11 12 | 12.7
Dodging        | 3 4 7 8 9 10 11 | 11.9

Action                   |  1- 3 |  4- 6 |  7- 9 | 10-12 || total
-------------------------+-------+-------+-------+-------++-------
Melee: Hand axe          |    17 |    16 |    62 |       ||    95
       Headbutt          |     4 |     4 |    12 |     9 ||    29
       Punch             |       |       |     2 |       ||     2
       Battleaxe         |       |       |    18 |    39 ||    57
       Executioner's axe |       |       |       |     8 ||     8
Invok: Berserk           |     3 |     1 |     7 |     4 ||    15
       Brothers in Arms  |       |       |     1 |       ||     1
  Use: Scroll            |       |       |     1 |       ||     1
Armor: Animal skin       |     1 |       |     2 |       ||     3
Dodge: Dodged            |     6 |     5 |    39 |    18 ||    68
